 Dungeon Crawl Stone Soup version 0.28.0 (webtiles) character file.

Game seed: 11741952648218885331

29 SnakkuSnakku7 the Vexing (level 3, 0/28 HPs)
             Began as a Gnoll Arcane Marksman on Feb 19, 2022.
             Killed by nerve-wracking pain
             ... invoked by a shadow imp
             ... summoned by Natasha
              (10 damage)
             ... on level 2 of the Dungeon.
             The game lasted 00:01:51 (1100 turns).

SnakkuSnakku7 the Vexing (Gnoll Arcane Marksman)    Turns: 1100, Time: 00:01:53

Health: 0/28       AC:  3    Str: 11    XL:     3   Next: 16%
Magic:  0/7        EV: 12    Int: 12    God:
Gold:   33         SH:  0    Dex: 12    Spells: 6/7 levels left

rFire   . . .      SeeInvis .   a - +0 hunting sling
rCold   . . .      Faith    .   (no shield)
rNeg    . . .      Spirit   +   i - +0 leather armour
rPois   .          Reflect  .   (no helmet)
rElec   .          Harm     .   (no cloak)
rCorr   .          Rampage  .   (no gloves)
Will    .....                   (no boots)
Stlth   +.........              e - amulet of guardian spirit
HPRegen 0.09/turn               (no ring)
MPRegen 0.10/turn               (no ring)

@: slowed, very slow
A: fangs 1, strong nose, distributed training
a: no special abilities


You were on level 2 of the Dungeon.
You visited 1 branch of the dungeon, and saw 2 of its levels.

You collected 33 gold pieces.

Inventory:

Hand Weapons
 a - a +0 hunting sling (weapon)
 b - a +0 mace
Missiles
 c - 13 sling bullets (quivered ammo)
 g - 25 stones
Armour
 d - a +0 robe
 i - a +0 leather armour (worn)
Jewellery
 e - an amulet of guardian spirit (around neck)
Scrolls
 f - a scroll of teleportation {unknown}
 j - a scroll of identify {unknown}
 k - a scroll of holy word {unknown}
Potions
 h - a potion of ambrosia {unknown}
 l - a potion of lignification {unknown}


   Skills:
 + Level 2.5 Fighting
 + Level 0.6 Short Blades
 + Level 0.6 Long Blades
 + Level 0.6 Axes
 + Level 0.6 Maces & Flails
 + Level 0.6 Polearms
 + Level 0.6 Staves
 + Level 4.5 Slings
 + Level 0.6 Bows
 + Level 0.6 Crossbows
 + Level 0.6 Throwing
 + Level 0.6 Armour
 + Level 4.5 Dodging
 + Level 0.6 Stealth
 + Level 0.6 Shields
 + Level 0.6 Unarmed Combat
 + Level 2.8 Spellcasting
 + Level 0.4 Conjurations
 + Level 5.4 Hexes
 + Level 0.4 Summonings
 + Level 0.4 Necromancy
 + Level 0.4 Translocations
 + Level 0.4 Transmutations
 + Level 0.4 Fire Magic
 + Level 0.4 Ice Magic
 + Level 0.4 Air Magic
 + Level 0.4 Earth Magic
 + Level 0.4 Poison Magic
 + Level 0.8 Invocations
 + Level 0.6 Evocations


You had 6 spell levels left.
You knew the following spells:

 Your Spells              Type           Power      Damage    Failure   Level
a - Slow                  Hex            56%        N/A       3%          1

Your spell library contained the following spells:

 Spells                   Type           Power      Damage    Failure   Level
 Inner Flame              Hex/Fire       8%         N/A       30%         3
 Portal Projectile        Hex/Tloc       16%        N/A       30%         3
 Cause Fear               Hex            7%         N/A       34%         4


Dungeon Overview and Level Annotations

Branches:
Dungeon (2/15)

Altars:

Shops:
D:1 ?   D:2 ?

Annotations:
D:2 Natasha


Innate Abilities, Weirdness & Mutations

You have very sharp teeth.
Your uncanny sense of smell can sniff out nearby items.
Your experience applies equally to all skills.


Message History

c - 16 sling bullets (gained 1)
Found a stone staircase leading up.
c - 17 sling bullets (gained 1)
c - 18 sling bullets (gained 1)
Found 4 poisoned darts.
You now have enough gold to buy a scroll of fog on this level.
You can access your shopping list by pressing '$'.
You now have 33 gold pieces (gained 11).
You open the door.
There is an open door here.
Found 11 gold pieces.
Natasha hisses angrily.
Natasha stares at you and mumbles some strange words.
You feel yourself slow down.
You aren't carrying any items that you can evoke.
Unknown command.
a - a +0 hunting sling (weapon)
Natasha mumbles some strange words.
You feel troubled.
You shoot a sling bullet.
The sling bullet closely misses Natasha.
Natasha claws you. Natasha claws you but does no damage.
You shoot a sling bullet. The sling bullet hits Natasha.
Natasha is moderately wounded.
Natasha claws you.
You shoot a sling bullet. The sling bullet hits Natasha!
Natasha is severely wounded.
Natasha claws you!
Natasha mumbles some strange words.
You shoot a sling bullet.
The sling bullet hits Natasha but does no damage.
Natasha is severely wounded.
Natasha completely misses you.
You shoot a sling bullet.
The sling bullet hits Natasha but does no damage.
Natasha is severely wounded.
Natasha claws you! The shadow imp gestures at you.
Pain shoots through your body!
You die...

..#.#
##########.####.#..####
###.#
############.#....#......
#.#
#...............####.####
#.#
#............#..#....#
#...............#.####
########'######.#..####
#.. #.# .###.......#
##...#.##...........#
#.....@##.####......#
#...5h..# (........#
#.$..##.# #.#.......#
#.... .# # #....####
...... .. ..#########
..... ### ##. ........
..... #. ........ (... ∆
........ ......<.


You could see Natasha and a shadow imp (summoned).

Vanquished Creatures
  An adder (D:2)
  4 ball pythons (D:1)
  2 bats
  An endoplasm (D:1)
  A goblin (D:1)
  A hobgoblin (D:1)
  2 kobolds (D:1)
  3 quokkas
  4 rats
  A spectral hobgoblin (D:1)
20 creatures vanquished.

Notes
Turn   | Place    | Note
-------+----------+-------------------------------------------
     0 | D:1      | SnakkuSnakku7 the Gnoll Arcane Marksman began the quest for
                  | the Orb.
     0 | D:1      | Reached XP level 1. HP: 17/17 MP: 4/4
    11 | D:1      | Found a faded altar of an unknown god.
   191 | D:1      | Reached XP level 2. HP: 23/23 MP: 5/5
   290 | D:1      | Found Quecs's Magic Scroll Emporium.
   694 | D:2      | Found Goamek's Magic Scroll Shop.
   770 | D:2      | Noticed Natasha
   783 | D:2      | Noticed a crimson imp
   983 | D:2      | Reached XP level 3. HP: 21/28 MP: 4/7
  1100 | D:2      | Killed from afar by a shadow imp

Illustrated notes

Levels and vault maps discovered:
D:1:      dpeg_arrival_rhombus, layout_basic, serial_shops,
          nicolae_diamond_shop, dreamdust_ecumenical_altar_drowned_temple,
          grunt_decor_arrowhead
D:2:      layout_basic, serial_shops, shop_fountains, uniq_natasha

Action                   || total
-------------------------++-------
Melee: Mace              ||    44
       Bite              ||     6
 Fire: Hunting sling     ||    28
 Stab: Sleeping          ||     2
Armor: Robe              ||     9
       Leather armour    ||     3
Dodge: Dodged            ||    55
